 Dungeon Crawl Stone Soup version 0.24-a0-525-g9231cdcba1 (webtiles) character file.

Game seed: 631531946993492577

75 Carillon the Digger (level 4, 0/24 HPs)
             Began as a Gargoyle Earth Elementalist on Aug 1, 2019.
             Killed from afar by Sigmund (3 damage)
             ... with a puff of flame
             ... on level 2 of the Dungeon.
             The game lasted 00:11:11 (1910 turns).

Carillon the Digger (Gargoyle Earth Elementalist)   Turns: 1910, Time: 00:11:11

Health: 0/24       AC:  7    Str: 11    XL:     4   Next: 31%
Magic:  5/8        EV: 12    Int: 17    God:
Gold:   99         SH:  0    Dex: 10    Spells: 2/8 levels left

rFire    . . .     SeeInvis .   a - +0 whip (pain)
rCold    . . .     Gourm    .   (no shield)
rNeg     + . .     Faith    .   c - +0 robe
rPois    ∞         Spirit   .   h - +2 hat
rElec    +         Reflect  .   (no cloak)
rCorr    .         Harm     .   (no gloves)
MR       .....                  (no boots)
Stlth    ++........             (no amulet)
HPRegen  0.08/turn              (no ring)
MPRegen  0.11/turn              (no ring)

@: very slightly contaminated
A: negative energy resistance 1, electricity resistance, unbreathing,
petrification resistance, rot immunity, AC +3
a: no special abilities


You were on level 2 of the Dungeon.
You were hungry.

You visited 1 branch of the dungeon, and saw 2 of its levels.

You collected 99 gold pieces.

Inventory:

Hand Weapons
 a - a +0 whip of pain (weapon)
Missiles
 b - 30 stones (quivered)
Armour
 c - a +0 robe (worn)
 h - a +2 hat (worn)
Jewellery
 l - an uncursed ring of ice
Scrolls
 e - a scroll of teleportation
 f - a scroll of amnesia {unknown}
 g - 2 scrolls of magic mapping
Potions
 i - a potion of ambrosia {unknown}
 k - a potion of curing
Comestibles
 d - 3 rations


   Skills:
 - Level 1.0 Maces & Flails
 - Level 1.5 Dodging
 - Level 2.1 Stealth
 + Level 2.8 Spellcasting
 + Level 1.3 Conjurations
 - Level 1.0 Transmutations
 + Level 4.5 Earth Magic


You had 2 spell levels left.
You knew the following spells:

 Your Spells              Type           Power        Failure   Level  Hunger
a - Sandblast             Erth           ###...       2%          1    #......
b - Stone Arrow           Conj/Erth      ##....       16%         3    ###....
h - Passwall              Tmut/Erth      ##......     9%          2    ##.....

Your spell library contained the following spells:

 Spells                   Type           Power        Failure   Level  Hunger
 Petrify                  Tmut/Erth      ##......     50%         4    #####..
 Lee's Rapid Deconstruct  Erth           ###.......   58%         5    ######.


Dungeon Overview and Level Annotations

Branches:
Dungeon (2/15)

Altars:
Nemelex Xobeh

Annotations:
D:2 Sigmund


Innate Abilities, Weirdness & Mutations

You are resistant to torment.
Your stone body is resilient. (AC +3)
You are immune to poison.
You resist negative energy. (rN+)
You are resistant to electric shocks. (rElec)
You can survive without breathing.
You are immune to petrification.
You are immune to rotting.


Message History

You hear some strange, mumbled words.
You are confused.
Something hits you!
You're too confused to cast spells.
Sorry, you're not good enough to have a special ability.
You're too confused to move!
You hear some strange, mumbled words.
Something tries to affect you, but you resist.
You're too confused to cast spells.
Sorry, you're not good enough to have a special ability.
You bump into the rock wall.
Something hits you.
* * * LOW HITPOINT WARNING * * *
You bump into the rock wall.
Something hits you.
* * * LOW HITPOINT WARNING * * *
You miss something.
You feel less confused.
You hear some strange, mumbled words.
A puff of flame appears from out of thin air!
The puff of flame hits you.
You die...

........#.###.#.##.#.....#
##.#.#.............#.#####
##.#.#..#.#...#.####.#
...#.#..#.#.......##.#
####.#..#.#..#######.######
..........#......# #.....<#
###.##..###..###.# ########
#.##.÷##.....#.#
#.##..#.####.#@#
###.#...#......#.#
#...........##.#.#
#.#.......####.#.#
#.###.#...####.#.# #.#
#..........#.# #.#
#.##.......#.# #.#
#.##.......#.# #.#
#....#####.#.#


There were no monsters in sight!

Vanquished Creatures
  3 adders (D:2)
  A worm (D:2)
  2 dart slugs
  3 leopard geckos
  4 bats
  A giant cockroach (D:2)
  A goblin (D:2)
  6 hobgoblins
  5 jackals (D:2)
  5 kobolds
  2 frilled lizards (D:1)
  6 rats
39 creatures vanquished.

Notes
Turn   | Place    | Note
-------+----------+-------------------------------------------
     0 | D:1      | Carillon the Gargoyle Earth Elementalist began the quest
                  | for the Orb.
     0 | D:1      | Reached XP level 1. HP: 10/10 MP: 3/3
   142 | D:1      | Reached XP level 2. HP: 15/15 MP: 3/5
   152 | D:1      | Learned a level 2 spell: Passwall
   484 | D:1      | Reached skill level 1 in Maces & Flails
   484 | D:1      | Reached skill level 1 in Transmutations
   557 | D:1      | Reached skill level 4 in Earth Magic
   788 | D:2      | Reached XP level 3. HP: 19/19 MP: 2/6
   810 | D:2      | Learned a level 3 spell: Stone Arrow
  1220 | D:2      | Found a sparkling altar of Nemelex Xobeh.
  1280 | D:2      | Reached skill level 1 in Conjurations
  1522 | D:2      | Reached XP level 4. HP: 24/24 MP: 8/8
  1872 | D:2      | Noticed Sigmund
  1910 | D:2      | Killed from afar by Sigmund

Levels and vault maps discovered:
D:1:      lightli_molten_gateway, layout_basic
D:2:      layout_basic, lemuel_round_altar, uniq_sigmund

Skill      XL: |  1  2  3 |
---------------+----------+-----
Maces & Flails | 1 |  1.0
Transmutations | 1 |  1.0
Earth Magic    | 4 |  4.5
Conjurations   | 1 |  1.3
Dodging        | |  1.5
Stealth        | |  2.1
Spellcasting   | |  2.8

Action                   |  1- 3 |  4- 6 || total
-------------------------+-------+-------++-------
Melee: Unarmed           |     4 |       ||     4
       Whip              |    76 |     8 ||    84
 Cast: Sandblast         |    23 |     9 ||    32
  Use: Scroll            |     3 |       ||     3
       Potion            |       |     1 ||     1
 Stab: Sleeping          |     1 |       ||     1
  Eat: Chunk             |     2 |     1 ||     3
Armor: Robe              |    58 |    11 ||    69
Dodge: Dodged            |    71 |    16 ||    87

Table legend:
 A = Non-vault XP
 B = Vault XP
 C = Vault XP percentage of total XP
 D = Non-vault monster count
 E = Vault monster count
 F = Vault count percentage of total count
                 A         B        C        D         E       F
            +---------+---------+-------+---------+---------+-------
      Total |     108 |       0 |   0.0 |      39 |       0 |   0.0
            +---------+---------+-------+---------+---------+-------
        D:1 |      27 |       0 |   0.0 |      15 |       0 |   0.0
        D:2 |      81 |       0 |   0.0 |      24 |       0 |   0.0
            +---------+---------+-------+---------+---------+-------
